[Event "Late-Titled-Tuesday-Blitz-February-13-2024"]
[Site "Chess.com"]
[Date "2024.02.13"]
[Round "5"]
[White "Dedic8"]
[Black "MessiKingdom"]
[Result "1-0"]
[WhiteElo "2861"]
[BlackElo "2631"]
[TimeControl "180+1"]
[EndTime "14:54:56 PST"]
[Termination "Dedic8 won by checkmate"]

1. d4 Nf6 2. c4 g6 3. Nc3 Bg7 4. e4 O-O 5. Be3 d6 6. h3 e5 7. d5 Na6 8. Nf3 Nd7 9. g4 Ndc5 10. Be2 f5 11. gxf5 gxf5 12. exf5 Bxf5 13. a3 Nd3+ 14. Bxd3 Bxd3 15. Qxd3 Rxf3 16. Ne4 Qh4 17. O-O-O Raf8 18. Rhg1 R8f5 19. Rg4 Qxh3 20. Rdg1 Rf7 21. Ng5 Nc5 22. Qc2 Rxe3 23. Nxh3 Rxh3 24. Kb1 Rhf3 25. Qd2 Kh8 26. Qg5 h6 27. Qd8+ Kh7 28. Rg6 Rxf2 29. Rxh6+ Kxh6 30. Qh4# 1-0

[Event "Late-Titled-Tuesday-Blitz-February-13-2024"]
[Site "Chess.com"]
[Date "2024.02.13"]
[Round "5"]
[White "jefferyx"]
[Black "Zhigalko_Sergei"]
[Result "1-0"]
[WhiteElo "3044"]
[BlackElo "2927"]
[TimeControl "180+1"]
[EndTime "14:54:57 PST"]
[Termination "jefferyx won on time"]

1. d4 Nf6 2. c4 e6 3. Nc3 Bb4 4. Nf3 b6 5. e3 Bb7 6. Bd3 O-O 7. O-O d5 8. cxd5 exd5 9. Ne5 c5 10. Bd2 Nc6 11.
a3 Nxe5 12. dxe5 Bxc3 13. Bxc3 Ne4 14. Be1 Qe7 15. f3 Ng5 16. f4 Ne4 17. Bxe4 dxe4 18. Bc3 Qh4 19. f5 Rad8 20. Qe2 Rd3 21. Rf4 Qg5 22.
Raf1 Rfd8 23. e6 f6 24. Rg4 Qh6 25. Rg3 Ba6 26. Be1 Rxa3 27. Qc2 Rad3 28. Qa4 1-0

[Event "Late-Titled-Tuesday-Blitz-February-13-2024"]
[Site "Chess.com"]
[Date "2024.02.13"]
[Round "5"]
[White "maxip32"]
[Black "MusicCityMaster"]
[Result "1-0"]
[WhiteElo "2659"]
[BlackElo "2458"]
[TimeControl "180+1"]
[EndTime "14:54:57 PST"]
[Termination "maxip32 won by resignation"]

1. e4 e6 2. Qe2 d5 3. exd5 Qxd5 4. Nc3 Qd8 5. b3 Nf6 6. Bb2 Bb4 7. Nf3 Qe7 8.
O-O-O a5 9. a4 Ba3 10. Rg1 Bxb2+ 11. Kxb2 Nc6 12. g4 O-O 13. g5 Nd5 14. Ne4 Rd8 15.
c4 Nb6 16. d4 Qb4 17. Nc3 Bd7 18. Qc2 Ne7 19. Bd3 Bxa4 20. Na2 Qxb3+ 21. Qxb3 Bxb3 22. Kxb3 a4+ 23. Ka3 Nc6 24. Nc3 g6 25. c5 Nd5 26. Nxd5 Rxd5 27. Be4 Rdd8 28. Bxc6 bxc6 29.
Rb1 Rd5 30. Rb2 Rf5 31. Ne5 Rf4 32. Rg4 Rf5 33. f4 h5 34. Rh4 Kf8 35. Rb7 Rd8 36. Nxc6 Ra8 37. Ne5 Rd8 38. Rb4 Kg7 39. Kxa4 f6 40.
gxf6+ Kxf6 41. Kb5 g5 42. fxg5+ Kxg5 43. Rh3 Rf1 44.
Kc6 Rd1 45. Nf7+ 1-0

[Event "Late-Titled-Tuesday-Blitz-February-13-2024"]
[Site "Chess.com"]
[Date "2024.02.13"]
[Round "5"]
[White "stollenmonster"]
[Black "MKlose11"]
[Result "1-0"]
[WhiteElo "2867"]
[BlackElo "2654"]
[TimeControl "180+1"]
[EndTime "14:54:59 PST"]
[Termination "stollenmonster won by resignation"]

1. e4 e6 2. Nc3 d5 3. g3 Nf6 4. Bg2 dxe4 5. Nxe4 Nxe4 6. Bxe4 Nd7 7. d4 Be7 8. Ne2 c5 9. O-O O-O 10. c4 cxd4 11.
Nxd4 Nf6 12. Bg2 e5 13. Nb5 a6 14. Nc3 Be6 15. Qe2 Qc7 16. Nd5 Nxd5 17. cxd5 Bd7 18. Rd1 Bd6 19. Be3 Rfc8 20. a3 Qc4 21. Qe1 Qb3 22.
Rd2 Rc2 23. Rc1 Rxc1 24. Qxc1 Rc8 25. Qe1 g6 26. h4 h5 27. Qe2 Bg4 28. Bf3 Bxf3 29.
Qxf3 Rc2 30. Rxc2 Qxc2 31. Kg2 Qd3 32. b4 Kg7 33. Bh6+ 1-0

[Event "Late-Titled-Tuesday-Blitz-February-13-2024"]
[Site "Chess.com"]
[Date "2024.02.13"]
[Round "5"]
[White "Practical-Play"]
[Black "EsmeraldasAnderson03"]
[Result "0-1"]
[WhiteElo "2572"]
[BlackElo "2441"]
[TimeControl "180+1"]
[EndTime "14:54:59 PST"]
[Termination "EsmeraldasAnderson03 won by checkmate"]

1. c4 e5 2. Nc3 Nc6 3. g3 f5 4. Bg2 Nf6 5. d3 Bb4 6. e3 Bxc3+ 7. bxc3 d6 8. Ne2 O-O 9. O-O Ne7 10. Rb1 c6 11.
Ba3 Qc7 12. d4 Rd8 13. Qb3 Rb8 14. Rbd1 Be6 15. dxe5 dxe5 16. Qb4 Ng6 17. h4 a5 18. Qb3 b5 19. Rxd8+ Rxd8 20. Qc2 Bxc4 21. Re1 Bd3 22. Qb3+ Bc4 23. Qc2 Be6 24. Bh3 Qc8 25. Bc5 f4 26. Bxe6+ Qxe6 27. exf4 exf4 28. Rd1 Re8 29. Nd4 Qg4 30.
Qb3+ Kh8 31. Rd3 Nxh4 32. Qf7 Re1+ 33. Kh2 Rh1+ 34. Kxh1 Qh3+ 35. Kg1 Qg2# 0-1

[Event "Late-Titled-Tuesday-Blitz-February-13-2024"]
[Site "Chess.com"]
[Date "2024.02.13"]
[Round "5"]
[White "Kaua18"]
[Black "Sleepless_Knightmare"]
[Result "0-1"]
[WhiteElo "2525"]
[BlackElo "2310"]
[TimeControl "180+1"]
[EndTime "14:55:00 PST"]
[Termination "Sleepless_Knightmare won by resignation"]

1. e4 c5 2. Nf3 e6 3. g3 a6 4. Bg2 b5 5. O-O Bb7 6. Re1 h5 7. a4 b4 8. d4 h4 9. Nxh4 cxd4 10. Qxd4 Nc6 11. Qd3 Rxh4 12. gxh4 Qxh4 13. Qg3 Qh7 14. Be3 O-O-O 15. Nd2 d6 16. Nc4 e5 17. Rad1 Nf6 18.
Bb6 Rd7 19. Bh3 Nxe4 20. Bxd7+ Kxd7 21. Qd3 Qg6+ 22. Kf1 Nd4 23. Qh3+ f5 24. Bxd4 exd4 25. Rxd4 Kc7 26. Red1 Be7 27. Ne3 a5 28. Nxf5 Ba6+ 29. R1d3 Qe6 30. Qf3 Nd2+ 31. Kg2 Nxf3 32. Rxf3 Bb7 33. Rf4 Bg5 34. Kg3 Bxf3 35. Rxf3 Qe5+ 36. Kg4 Bf6 37. c3 b3 38. h4 Qe4+ 39. Rf4 Qc2 40.
Rc4+ Kd7 41. Kf3 Qd3+ 42. Ne3 Qc2 43. Rg4 Qxb2 44. Nc4 Qxc3+ 45. Ke2 b2 46. Nd2 Qxd2+ 47. Kxd2 b1=Q 0-1

[Event "Late-Titled-Tuesday-Blitz-February-13-2024"]
[Site "Chess.com"]
[Date "2024.02.13"]
[Round "5"]
[White "ImportedItalianMaple"]
[Black "ChessLover0108"]
[Result "0-1"]
[WhiteElo "2524"]
[BlackElo "2973"]
[TimeControl "180+1"]
[EndTime "14:55:01 PST"]
[Termination "ChessLover0108 won on time"]

1. Nf3 g6 2. e4 Bg7 3. d4 d6 4. c3 Nf6 5. Bd3 O-O 6. O-O Nc6 7. d5 Nb8 8. h3 a5 9. Na3 Na6 10. Nc4 Nc5 11. Re1 Nxd3 12. Qxd3 b6 13. Bf4 Ba6 14.
Rad1 Nd7 15. b3 Nc5 16. Qc2 Bxc4 17. bxc4 e6 18. e5 exd5 19. cxd5 dxe5 20. Bxe5 Re8 21.
Bxg7 Rxe1+ 22. Rxe1 Kxg7 23. c4 Qf6 24. Qd2 a4 25. Qd4 a3 26. Re3 Ra4 27. Qxf6+ Kxf6 28. Nd2 Na6 29. Rf3+ Ke7 30. Re3+ Kd7 31. Rb3 Nb4 32. c5 Nxa2 33. cxb6 cxb6 34. Rxb6 Nc3 35. Rb7+ Kd6 36. Nb3 a2 37. Rxf7 Rb4 0-1

[Event "Late-Titled-Tuesday-Blitz-February-13-2024"]
[Site "Chess.com"]
[Date "2024.02.13"]
[Round "5"]
[White "Lion-Al-Messi"]
[Black "CRObliterator"]
[Result "1-0"]
[WhiteElo "2568"]
[BlackElo "2384"]
[TimeControl "180+1"]
[EndTime "14:55:04 PST"]
[Termination "Lion-Al-Messi won by checkmate"]

1. e4 d6 2. d4 Nf6 3. Nc3 e5 4. Nf3 Nbd7 5. Be2 Be7 6. O-O O-O 7. Re1 c6 8. a4 a5 9. b3 Qc7 10. Ba3 Re8 11. Qd2 exd4 12. Nxd4 Nc5 13. Bf3 Bf8 14.
Rad1 Bd7 15. h3 Rad8 16. Nf5 Bxf5 17. exf5 d5 18. Bb2 Nce4 19. Qd3 Bc5 20. Bxe4 dxe4 21. Qc4 Qe5 22. Rxd8 Rxd8 23. Nxe4 Bxf2+ 24. Kxf2 Qxb2 25. Ng5 Rf8 26. Re7 h6 27. Rxf7 hxg5 28. Rxf6+ Kh7 29.
Rxf8 Qe5 30. Qg8+ Kh6 31. Qh8# 1-0

[Event "Late-Titled-Tuesday-Blitz-February-13-2024"]
[Site "Chess.com"]
[Date "2024.02.13"]
[Round "5"]
[White "Teidi96"]
[Black "combidharma"]
[Result "0-1"]
[WhiteElo "2285"]
[BlackElo "2698"]
[TimeControl "180+1"]
[EndTime "14:55:10 PST"]
[Termination "combidharma won on time"]

1. e4 c5 2. Nf3 d6 3. Bb5+ Nd7 4. d4 cxd4 5. Qxd4 a6 6. Bxd7+ Bxd7 7. c4 Nf6 8. Bg5 e5 9. Qd3 Be6 10. Nc3 Rc8 11.
b3 b5 12. Bxf6 gxf6 13. cxb5 Qa5 14. Rc1 Bh6 15. Rc2 d5 16. O-O d4 17. Nd5 Rxc2 18.
Qxc2 Bxd5 19. exd5 O-O 20. bxa6 Qxa6 21. a4 d3 22. Qc6 Qxc6 23. dxc6 Rc8 24. g3 Rxc6 25. Rd1 e4 26. Nd4 Rc5 27. g4 Bc1 28. Nf5 Ba3 29. Ng3 Re5 30. Kf1 Bb4 31. Nf5 h5 32. h3 hxg4 33. hxg4 Re8 34. Ne3 Rd8 35.
Nf5 Kh7 36. Ng3 Re8 37. Nf5 Kg6 38. Kg2 Rh8 39. Ng3 Re8 40. Nf5 Kg5 41. Kg3 Ba5 42.
Nd6 Bc7 0-1

[Event "Late-Titled-Tuesday-Blitz-February-13-2024"]
[Site "Chess.com"]
[Date "2024.02.13"]
[Round "5"]
[White "rcmz"]
[Black "pfalcon1949"]
[Result "1-0"]
[WhiteElo "2165"]
[BlackElo "1940"]
[TimeControl "180+1"]
[EndTime "14:55:12 PST"]
[Termination "rcmz won by resignation"]

1. b4 a5 2. b5 g6 3. Bb2 Nf6 4. e3 Bg7 5. f4 O-O 6. Nf3 c6 7. c4 cxb5 8. cxb5 b6 9. Nc3 Bb7 10. Be2 d6 11. O-O Nbd7 12. d4 Rc8 13. Qd2 Ne4 14.
Nxe4 Bxe4 15. Rac1 Rxc1 16. Rxc1 Qb8 17. Ng5 Ba8 18. Qc3 h6 19. Nh3 Nf6 20. Bf3 Bxf3 21.
gxf3 Nd5 22. Qb3 e6 23. e4 Ne7 24. Nf2 d5 25. e5 Qd8 26. Ba3 Qd7 27. Bxe7 Qxe7 28. Rc6 Qh4 29. Qe3 Rb8 30. Nd3 g5 31.
fxg5 hxg5 32. Qf2 Qh5 33. Kg2 g4 34. Nf4 Qf5 35. fxg4 Qxg4+ 36. Qg3 Qd1 37. Rc7 Qxd4 38. Qxg7+ Kxg7 39. Nxe6+ Kg6 40. Nxd4 1-0

[Event "Late-Titled-Tuesday-Blitz-February-13-2024"]
[Site "Chess.com"]
[Date "2024.02.13"]
[Round "5"]
[White "DenLaz"]
[Black "A-Fier"]
[Result "0-1"]
[WhiteElo "3053"]
[BlackElo "2778"]
[TimeControl "180+1"]
[EndTime "14:55:15 PST"]
[Termination "A-Fier won on time"]

1. d4 Nf6 2. c4 c5 3. d5 e6 4.
Nc3 exd5 5. cxd5 d6 6. Nf3 g6 7.
h3 Bg7 8. e4 O-O 9. Bd3 b5 10.
Bxb5 Nxe4 11. Nxe4 Qa5+ 12. Nfd2 Qxb5 13. Nxd6 Qa6 14.
N2c4 Nd7 15. O-O Ne5 16. Nxc8 Raxc8 17. Nxe5 Bxe5 18. Re1 Qd6 19. Bg5 Rfe8 20. Qa4 Qxd5 21. Rad1 Qa8 22. Qc2 Bd4 23. b3 Rxe1+ 24. Rxe1 Re8 25.
Qd2 Rxe1+ 26. Qxe1 Kg7 27. Qe7 Qd5 28. Be3 a5 29. Qg5 Qe4 30. Qf4 Qd5 31. Qh6+ Kg8 32.
Qg5 Qe4 33. Qf4 Qd5 0-1

[Event "Late-Titled-Tuesday-Blitz-February-13-2024"]
[Site "Chess.com"]
[Date "2024.02.13"]
[Round "5"]
[White "rudolfjun2005"]
[Black "MajorCoast"]
[Result "0-1"]
[WhiteElo "2365"]
[BlackElo "2223"]
[TimeControl "180+1"]
[EndTime "14:55:15 PST"]
[Termination "MajorCoast won on time"]

1. e4 c5 2. Nf3 e6 3. c4 Nc6 4.
Nc3 Nd4 5. d3 Be7 6. Be2 Nf6 7. O-O d6 8. Nb5 e5 9. Nc3 h6 10. Nxd4 cxd4 11. Nb5 a6 12. Na3 O-O 13. f4 b5 14. cxb5 axb5 15. Nxb5 Qb6 16. Na3 Nxe4 17. Nc4 Qa7 18. dxe4 Ba6 19. Bd3 Rfc8 20. b3 Qb7 21.
fxe5 dxe5 22. Bd2 Bxc4 23. bxc4 Ra3 24. Rb1 Qa7 25. Bb4 Bxb4 26. Rxb4 Rxa2 27. Qf3 Rc6 28. Qg4 Rg6 29. Qf3 f6 30. g3 Qa3 0-1

[Event "Late-Titled-Tuesday-Blitz-February-13-2024"]
[Site "Chess.com"]
[Date "2024.02.13"]
[Round "5"]
[White "KaydenTroffChess"]
[Black "scandalgod"]
[Result "1-0"]
[WhiteElo "2833"]
[BlackElo "2519"]
[TimeControl "180+1"]
[EndTime "14:55:16 PST"]
[Termination "KaydenTroffChess won by resignation"]

1. d4 d5 2. Nf3 Nf6 3. Bf4 e6 4. e3 Bd6 5. Ne5 O-O 6. Bd3 c5 7. c3 Qc7 8. Bg3 Nbd7 9. f4 b6 10. Nd2 Bb7 11. Qf3 a5 12. Bh4 Ba6 13. Bc2 b5 14. g4 b4 15. Bxf6 gxf6 16. g5 f5 17. Qh5 Bxe5 18. dxe5 bxc3 19. bxc3 d4 20. Ne4 Qc6 21.
Nf6+ Nxf6 22. gxf6 Qxh1+ 23. Kf2 dxe3+ 24. Kg3 Kh8 25. Rxh1 Rg8+ 26. Kf3 Bb7+ 27. Kxe3 Bxh1 28. Qxf7 Bd5 29. Bxf5 exf5 30. Qxd5 Rad8 31. Qe6 Rg2 32. f7 Rf8 33. Qf6+ Rg7 34. e6 1-0

[Event "Late-Titled-Tuesday-Blitz-February-13-2024"]
[Site "Chess.com"]
[Date "2024.02.13"]
[Round "5"]
[White "Conejoviejo67"]
[Black "sotochess"]
[Result "0-1"]
[WhiteElo "2432"]
[BlackElo "2591"]
[TimeControl "180+1"]
[EndTime "14:55:19 PST"]
[Termination "sotochess won by resignation"]

1. e4 d5 2. exd5 Qxd5 3. Nc3 Qa5 4. Bc4 Nf6 5. d4 c6 6. Nf3 Bg4 7. h3 Bh5 8. Bd2 Qb6 9. g4 Bg6 10. Bb3 e6 11. Be3 Qa5 12. Ne5 Nbd7 13. Nxg6 hxg6 14.
Qf3 Nd5 15. Bd2 Qb6 16. Qd3 Nb4 17. Qc4 Nf6 18. a3 Nbd5 19. Qd3 Nxg4 20. Nxd5 cxd5 21.
Ba4+ Kd8 22. b4 Nf6 23. Bg5 a5 24. c3 Be7 25. Ke2 Ne4 26. Bxe7+ Kxe7 27. Rhb1 Qc7 28. Rb3 axb4 29. axb4 Qf4 30. Qe3 Qxe3+ 31. fxe3 b5 32. Rba3 Rxa4 0-1

[Event "Late-Titled-Tuesday-Blitz-February-13-2024"]
[Site "Chess.com"]
[Date "2024.02.13"]
[Round "5"]
[White "tgpgoat"]
[Black "pinguino120"]
[Result "0-1"]
[WhiteElo "2524"]
[BlackElo "2349"]
[TimeControl "180+1"]
[EndTime "14:55:19 PST"]
[Termination "pinguino120 won by checkmate"]

1. Nf3 d5 2. g3 Nf6 3. Bg2 Bg4 4. O-O c6 5. Ne5 Bh5 6. d4 Nbd7 7. Bg5 Ne4 8. Bf4 e6 9. Nd2 Nxd2 10. Qxd2 Be7 11.
e4 dxe4 12. Bxe4 Nxe5 13. Bxe5 Bf6 14. Qf4 Bg5 15. Bc7 Bxf4 16. Bxd8 Rxd8 17. gxf4 Rxd4 18. Bd3 Rxf4 19. Rfe1 O-O 20. Kg2 Rd8 21. Rad1 Rfd4 22. f3 Bg6 23. Re3 c5 24. b3 b5 25. Rc1 Bxd3 26.
cxd3 Rxd3 27. Re5 g6 28. Rexc5 Rd2+ 29. Kg3 Rxa2 30. Rxb5 Rdd2 31. Rc7 Rdc2 32. Rd7 Rxh2 33. Rbb7 g5 34. f4 Rag2+ 35. Kf3 Rf2+ 36. Ke3 Rxf4 37. Rxa7 Rh3+ 38. Ke2 Rxb3 39. Ra5 h6 40. Ra8+ Kg7 41. Rdd8 Rc4 42. Kd2 Rh3 43. Rg8+ Kf6 44. Ra7 Rg4 45. Rf8 Rg2+ 46. Ke1 Rh1# 0-1

[Event "Late-Titled-Tuesday-Blitz-February-13-2024"]
[Site "Chess.com"]
[Date "2024.02.13"]
[Round "5"]
[White "hmatyi07"]
[Black "elchacal664"]
[Result "1-0"]
[WhiteElo "2257"]
[BlackElo "2396"]
[TimeControl "180+1"]
[EndTime "14:55:19 PST"]
[Termination "hmatyi07 won by checkmate"]

1. d4 e5 2. dxe5 Nc6 3. Nf3 Qe7 4.
Bf4 Qb4+ 5. Bd2 Qxb2 6. Nc3 Bb4 7. Rb1 Qxc3 8. Bxc3 Bxc3+ 9. Nd2 Nxe5 10. e3 Nf6 11. Bd3 O-O 12. O-O d5 13. Nb3 b6 14. Nd4 Bxd4 15. exd4 Nxd3 16. Qxd3 a5 17. Qc3 Ba6 18.
Rfe1 Bc4 19. f3 b5 20. Re7 c6 21. a3 Rfe8 22. Rbe1 Rxe7 23. Rxe7 Kf8 24. Rc7 Re8 25. Rxc6 Nh5 26. Qxa5 Nf4 27. Qb4+ Kg8 28. Qc5 Re1+ 29. Kf2 Re2+ 30. Kg3 g5 31. Rc8+ Kg7 32. Qf8+ Kg6 33.
Qg8+ Kh6 34. Rc6+ Ng6 35. Qxf7 Rxc2 36. Qg8 Re2 37. Rxg6+ hxg6 38. Qh8# 1-0

[Event "Late-Titled-Tuesday-Blitz-February-13-2024"]
[Site "Chess.com"]
[Date "2024.02.13"]
[Round "5"]
[White "Doublekk14"]
[Black "cthake"]
[Result "1-0"]
[WhiteElo "2329"]
[BlackElo "1804"]
[TimeControl "180+1"]
[EndTime "14:55:19 PST"]
[Termination "Doublekk14 won by resignation"]

1. c4 e5 2. Nc3 Nc6 3. Nf3 d6 4. e3 g6 5. d4 exd4 6. exd4 Bg7 7. h3 Bf5 8. Be2 Nge7 9. O-O O-O 10. g4 Bd7 11. Bg5 h6 12. Bh4 g5 13. Bg3 Ng6 14. Nd5 Nce7 15. Bd3 Nxd5 16. cxd5 Nf4 17. Bxf4 gxf4 18. Qb3 a5 19. Rac1 Re8 20. Qc2 c6 21.
Bh7+ Kh8 22. Bf5 Rc8 23. dxc6 Rxc6 24. Qd3 Qc8 25. Rxc6 bxc6 26. Bxd7 Qxd7 27. Qd2 Re4 28. Re1 d5 29. Qxa5 Qe8 30. Qd2 Rxe1+ 31. Nxe1 Qe4 32. f3 Qxd4+ 33. Qxd4 Bxd4+ 34. Kf1 Bxb2 35. Nd3 Kg7 36. Nxb2 1-0

[Event "Late-Titled-Tuesday-Blitz-February-13-2024"]
[Site "Chess.com"]
[Date "2024.02.13"]
[Round "5"]
[White "ozates"]
[Black "Quattroporte300"]
[Result "1-0"]
[WhiteElo "2586"]
[BlackElo "2413"]
[TimeControl "180+1"]
[EndTime "14:55:20 PST"]
[Termination "ozates won by checkmate"]

1. e4 c5 2. Nf3 d6 3. Bb5+ Bd7 4. Bxd7+ Qxd7 5. O-O Nc6 6. Qe2 Nf6 7. Rd1 g6 8.
c3 Bg7 9. d4 cxd4 10. cxd4 O-O 11. Nc3 e6 12. e5 Nd5 13. Bg5 h6 14. Bh4 Rac8 15. Ne4 dxe5 16. dxe5 Nxe5 17. Nxe5 Bxe5 18. Bf6 Qc7 19. Rac1 Qxc1 20. Bxe5 Qc2 21. Qf3 f5 22. Nd6 Rc6 23. h4 h5 24. Rxd5 exd5 25. Qxd5+ Kh7 26.
Nf7 Qc1+ 27. Kh2 Rc5 28. Ng5+ Qxg5 29. Qd7+ Kg8 30. Qg7# 1-0

[Event "Late-Titled-Tuesday-Blitz-February-13-2024"]
[Site "Chess.com"]
[Date "2024.02.13"]
[Round "5"]
[White "grzechu96"]
[Black "SergioMoralesG"]
[Result "1-0"]
[WhiteElo "2766"]
[BlackElo "2522"]
[TimeControl "180+1"]
[EndTime "14:55:21 PST"]
[Termination "grzechu96 won on time"]

1. e4 c5 2. Nf3 e6 3. d4 cxd4 4. Nxd4 Nc6 5. Nc3 Qc7 6. Be3 a6 7. a3 b5 8. Nxc6 Qxc6 9. Be2 Bb7 10. O-O Nf6 11. Bf3 Qc7 12. e5 Ng8 13. Re1 Ne7 14. Bxb7 Qxb7 15. Bc5 Nc6 16. Bxf8 Kxf8 17. Qd6+ Kg8 18.
Rad1 Rd8 19. Ne4 h6 20. Nc5 Qc8 21. Re3 Kh7 22. Rc3 Qb8 23. f4 b4 24. axb4 Qxb4 25.
Qd3+ g6 26. Nxd7 Kg7 27. Rxc6 Qxf4 28. Rd6 Rc8 29. Rf1 Qb4 30. Qf3 f5 31. exf6+ Kf7 32. Ne5+ 1-0

[Event "Late-Titled-Tuesday-Blitz-February-13-2024"]
[Site "Chess.com"]
[Date "2024.02.13"]
[Round "5"]
[White "Bigfish1995"]
[Black "AradNazari"]
[Result "1-0"]
[WhiteElo "3169"]
[BlackElo "2772"]
[TimeControl "180+1"]
[EndTime "14:55:22 PST"]
[Termination "Bigfish1995 won on time"]

1. e4 c5 2. Nf3 d6 3. Bb5+ Bd7 4. c4 Nf6 5. Nc3 g6 6. O-O Bg7 7. h3 O-O 8. d3 a6 9. Bxd7 Qxd7 10. Be3 e5 11. Nh2 b5 12. Ng4 Nxg4 13. hxg4 bxc4 14. dxc4 Rd8 15. Nd5 Qb7 16. Bg5 Re8 17. Bf6 Re6 18. g5 Nd7 19. f4 Bxf6 20. f5 Bxg5 21.
fxe6 fxe6 22. Qg4 exd5 23. Qxg5 dxe4 24. Qe7 Qc6 25. Rf7 Nf8 26. Rg7+ Kh8 27. Qf7 1-0

[Event "Late-Titled-Tuesday-Blitz-February-13-2024"]
[Site "Chess.com"]
[Date "2024.02.13"]
[Round "5"]
[White "nj123456"]
[Black "snowlord"]
[Result "0-1"]
[WhiteElo "2384"]
[BlackElo "2852"]
[TimeControl "180+1"]
[EndTime "14:55:22 PST"]
[Termination "snowlord won by resignation"]

1. e4 Nc6 2. d4 e5 3. Nf3 exd4 4. Nxd4 Bb4+ 5. c3 Be7 6. Be2 d6 7. O-O Nf6 8. f3 d5 9. Nxc6 bxc6 10. e5 Nd7 11. f4 O-O 12. Bd3 Nc5 13. Bc2 f6 14. Qh5 Ne4 15. Nd2 g6 16. Qe2 f5 17. Nf3 c5 18. Rd1 c6 19. Be3 a5 20. Nd2 Qb6 21.
Rab1 Qa6 22. Bd3 c4 23. Bc2 Be6 24. Nf3 c5 25. Bxe4 fxe4 26. Ng5 Bxg5 27. fxg5 Qc6 28. Rf1 Rf5 29. Rxf5 Bxf5 30. Qf2 d4 31. cxd4 cxd4 32. Bxd4 e3 33. Qe1 Qe4 34. Rd1 Bg4 35. Bc3 Bxd1 36. Qxd1 e2 37. Qd2 Rf8 38. h3 Rf1+ 39. Kh2 Qf4+ 40.
Qxf4 Rxf4 41. Kg3 Rf1 42. e6 Kf8 0-1

[Event "Late-Titled-Tuesday-Blitz-February-13-2024"]
[Site "Chess.com"]
[Date "2024.02.13"]
[Round "5"]
[White "Semetey"]
[Black "cukricek"]
[Result "1-0"]
[WhiteElo "2622"]
[BlackElo "2457"]
[TimeControl "180+1"]
[EndTime "14:55:23 PST"]
[Termination "Semetey won by checkmate"]

1. e3 g6 2. e4 c5 3. Nf3 Bg7 4. Nc3 Nc6 5. Bb5 Nd4 6. Bc4 e6 7. O-O Ne7 8. Nxd4 cxd4 9. Ne2 d5 10. exd5 Nxd5 11. d3 O-O 12. Bd2 a6 13. a3 b5 14. Ba2 Bb7 15. Rc1 Rc8 16. Bb3 Qd6 17. a4 Qc6 18. axb5 axb5 19. f3 Ra8 20. Qe1 e5 21.
Qf2 Kh8 22. Rfe1 f5 23. c3 Qb6 24. cxd4 exd4 25. Nf4 Ne3 26. Ne6 Rfe8 27. Nxg7 Kxg7 28. Qh4 Rac8 29. Rxc8 Bxc8 30. Qf4 Qc5 31. Rc1 Qb6 32.
Rc7+ Kf6 33. Rf7# 1-0

[Event "Late-Titled-Tuesday-Blitz-February-13-2024"]
[Site "Chess.com"]
[Date "2024.02.13"]
[Round "5"]
[White "Flawless_Fighter"]
[Black "SpeedofLight0"]
[Result "0-1"]
[WhiteElo "2740"]
[BlackElo "3041"]
[TimeControl "180+1"]
[EndTime "14:55:25 PST"]
[Termination "SpeedofLight0 won on time"]

1. e4 Nc6 2. Nf3 d6 3. Nc3 Nf6 4. d4 g6 5. Be3 Bg7 6. Qd2 Bg4 7. Be2 Bxf3 8. Bxf3 e5 9. dxe5 Nxe5 10. Be2 O-O 11. f3 Re8 12. O-O-O a6 13. g4 b5 14. g5 Nh5 15. f4 Nc4 16. Bxc4 bxc4 17. f5 Bxc3 18. Qxc3 Rxe4 19. fxg6 hxg6 20. Rhf1 Qe7 21. Rf3 Re8 22. Bd2 d5 23. Rdf1 Rf8 24. a3 c5 25. Kb1 Qe6 26. Qa5 Qc6 27. Bc1 d4 28. Qd2 Qe6 29. Qa5 Qc6 30.
Ka1 Re2 31. Kb1 Rxh2 32. Qe1 Qd6 33. Rf6 Nxf6 34. Bf4 Qd5 35. Bxh2 Ne4 36. Bf4 d3 37. Qh4 dxc2+ 38. Kxc2 Qd3+ 39. Kc1 Qxf1+ 40. Kc2 Qd3+ 41. Kc1 Rd8 42. Qh1 c3 43. b3 c2 44. Be5 Qd1+ 45.
Kb2 c1=Q+ 0-1

[Event "Late-Titled-Tuesday-Blitz-February-13-2024"]
[Site "Chess.com"]
[Date "2024.02.13"]
[Round "5"]
[White "Kosak12"]
[Black "Doomfist26"]
[Result "0-1"]
[WhiteElo "2843"]
[BlackElo "2643"]
[TimeControl "180+1"]
[EndTime "14:55:25 PST"]
[Termination "Doomfist26 won on time"]

1. b3 Nf6 2. Bb2 g6 3. Nf3 Bg7 4. d4 O-O 5. e3 d6 6. Be2 Nc6 7. O-O e5 8. dxe5 Ng4 9. c4 Ngxe5 10. Qd2 Nxf3+ 11. Bxf3 Ne5 12. Be2 Be6 13. Nc3 Qh4 14.
Rad1 Rad8 15. Nb5 Rd7 16. Nd4 a6 17. h3 Re7 18. Nxe6 fxe6 19. f4 Nd7 20. Bf3 b6 21. b4 g5 22. Bxg7 Rxg7 23. Bg4 Rf6 24. Bxe6+ Rxe6 25.
Qd5 Nf8 26. fxg5 Qxg5 0-1

[Event "Late-Titled-Tuesday-Blitz-February-13-2024"]
[Site "Chess.com"]
[Date "2024.02.13"]
[Round "5"]
[White "Viktor_Poddubnyi"]
[Black "Jaka_Brilej"]
[Result "0-1"]
[WhiteElo "2273"]
[BlackElo "2536"]
[TimeControl "180+1"]
[EndTime "14:55:27 PST"]
[Termination "Jaka_Brilej won on time"]

1. e4 e5 2. f4 exf4 3. Nf3 d6 4.
d4 g5 5. g3 g4 6. Nh4 f3 7. Nc3 Bg7 8. Be3 Nc6 9. Qd2 Nge7 10. O-O-O Ng6 11. Nf5 Bxf5 12. exf5 Nge7 13. h3 h5 14. f6 Bxf6 15. Ne4 Bg7 16. Bg5 Qd7 17. Nf6+ Bxf6 18. Bxf6 Rg8 19. hxg4 hxg4 20. Rh7 O-O-O 21. Rxf7 Rdf8 22. Rxf8+ Rxf8 23. Bg5 Nf5 24. c3 Nxg3 25. Bc4 d5 26. Bd3 Ne4 27. Qe3 Re8 28. Qf4 Kb8 29.
Rg1 a6 30. Qxg4 Qxg4 31. Rxg4 Nf2 32. Bg6 Re1+ 0-1

[Event "Late-Titled-Tuesday-Blitz-February-13-2024"]
[Site "Chess.com"]
[Date "2024.02.13"]
[Round "5"]
[White "KuzubovYuriy"]
[Black "OK97"]
[Result "1-0"]
[WhiteElo "2983"]
[BlackElo "2847"]
[TimeControl "180+1"]
[EndTime "14:55:28 PST"]
[Termination "KuzubovYuriy won on time"]

1. d4 Nf6 2. Nf3 g6 3. Nbd2 Bg7 4. e4 d6 5. Be2 O-O 6. O-O c5 7. dxc5 dxc5 8. Re1 Nc6 9. Bf1 Qc7 10. c3 Rd8 11. Qc2 Ng4 12. h3 Nge5 13. Nxe5 Nxe5 14.
f4 Nc6 15. Nf3 b6 16. e5 Bf5 17. Qf2 Rd7 18. Ng5 Rad8 19. g4 Bd3 20. Nxf7 Bxf1 21. Nxd8 Qxd8 22. Qxf1 g5 23. Be3 gxf4 24. Bxf4 Rd3 25.
Rad1 c4 26. Rxd3 cxd3 27. Rd1 Bxe5 28. Rxd3 Qc7 29. Bh6 Bf6 30. g5 Bg7 31. Qf5 Ne5 32. Qe6+ Kh8 33. Re3 Ng6 34. Qf5 Qc6 35. Rd3 1-0

[Event "Late-Titled-Tuesday-Blitz-February-13-2024"]
[Site "Chess.com"]
[Date "2024.02.13"]
[Round "5"]
[White "Rud_Makarian"]
[Black "Korchmar_Vasiliy"]
[Result "0-1"]
[WhiteElo "3028"]
[BlackElo "2761"]
[TimeControl "180+1"]
[EndTime "14:55:30 PST"]
[Termination "Korchmar_Vasiliy won by resignation"]

1. c4 c6 2. Nf3 d5 3. d4 Nf6 4. Nc3 a6 5. g3 dxc4 6. Bg2 g6 7. Ne5 Be6 8. O-O Bg7 9. e3 Nbd7 10. Qe2 Nxe5 11. dxe5 Nd7 12. f4 Nc5 13. Rd1 Qc8 14. e4 Bg4 15. Qxc4 Bxd1 16. Qxc5 Bg4 17. Be3 Qe6 18.
Na4 O-O 19. Nb6 Rad8 20. Bf1 Bf3 21. Qb4 h5 22. Kf2 Bd1 23. h3 Kh7 24. Nc4 Bc2 25.
Nd2 Bd3 26. Be2 Bxe2 27. Kxe2 Qxh3 28. Bf2 Rd7 29. Nf3 Qg4 30. Rh1 Rfd8 31. Rh4 Rd2+ 0-1